 Dungeon Crawl Stone Soup version 0.29-a0-384-g6960b1960d (webtiles) character file.

Game seed: 14530895307705077427

198 ptdevnull the Changer (level 5, 0/33 HPs)
             Began as an Octopode Transmuter on May 7, 2022.
             Was an Initiate of Dithmenos.
             Succumbed to a scorpion's poison
             ... on level 4 of the Dungeon.
             The game lasted 00:11:30 (4518 turns).

ptdevnull the Changer (Octopode Transmuter)         Turns: 4518, Time: 00:11:31

Health: 0/33       AC:  1    Str: 10    XL:     5   Next: 76%
Magic:  1/9        EV: 13    Int: 17    God:    Dithmenos [......]
Gold:   290        SH:  0    Dex: 12    Spells: 0/10 levels left

rFire   . . .      SeeInvis .   b - +2 trident (vamp)
rCold   . . .      Faith    .   (no shield)
rNeg    . . .      Spirit   +   (helmet restricted)
rPois   .          Reflect  .   e - amulet of guardian spirit
rElec   .          Harm     .   (no ring)
rCorr   .          Rampage  .   (no ring)
Will    .....                   (no ring)
Stlth   +++.......              (no ring)
HPRegen 0.11/turn               (no ring)
MPRegen 0.11/turn               (no ring)
                                (no ring)
                                (no ring)

@: lethally poisoned (0 -> -1), very slightly contaminated
A: almost no armour, amphibious, 8 rings, camouflage 1, gelatinous body 1,
(nimble swimmer 1), tentacles
a: Renounce Religion


You were on level 4 of the Dungeon.
You worshipped Dithmenos.
Dithmenos was noncommittal.
You visited 1 branch of the dungeon, and saw 4 of its levels.

You collected 290 gold pieces.

Inventory:

Hand Weapons
 b - a +2 vampiric trident (weapon)
Missiles
 c - 139 stones
Jewellery
 e - an amulet of guardian spirit (around mantle)
 j - a ring of ice
Wands
 r - a wand of flame (45)
Scrolls
 d - a scroll of fog {unknown}
 f - a scroll of teleportation {unknown}
 h - 5 scrolls of identify {unknown}
 i - a scroll of noise {unknown}
 k - a scroll of blinking {unknown}
 l - a scroll of magic mapping {unknown}
 n - a scroll of vulnerability {unknown}
 p - a scroll of enchant armour {unknown}
 q - a scroll of silence {unknown}
Potions
 a - 2 potions of lignification
 g - a potion of attraction
 o - 2 potions of curing {unknown}


   Skills:
 - Level 1.0 Fighting
 - Level 2.0 Dodging
 + Level 2.2 Stealth
 - Level 3.0 Unarmed Combat
 - Level 3.0 Spellcasting
 + Level 4.4 Transmutations
 + Level 2.1 Poison Magic


You couldn't memorise any spells.
You knew the following spells:

 Your Spells              Type           Power      Damage    Failure   Level
a - Beastly Appendage     Tmut           34%        N/A       2%          1
b - Wereblood             Tmut           17%        N/A       4%          2
c - Spider Form           Tmut/Pois      13%        N/A       14%         3
d - Ice Form              Ice/Tmut       10%        N/A       56%         4

Your spell library contained the following spells:

 Spells                   Type           Power      Damage    Failure   Level
 Poisonous Vapours        Pois/Air       12%        N/A       17%         2
 Corpse Rot               Necr/Air       4%         N/A       26%         2
 Hailstorm                Conj/Ice       2%         3d3       86%         4
 Simulacrum               Ice/Necr       1%         N/A       100%        6


Dungeon Overview and Level Annotations

Branches:
Dungeon (4/15)
 Temple: D:4-7

Altars:
Cheibriados
Dithmenos
Yredelemnul

Annotations:
D:3 3 runed translucent doors, NateTC's ghost, amateur MiFi


Innate Abilities, Weirdness & Mutations

You cannot wear most types of armour.
You are amphibious.
You can wear up to eight rings at the same time.
Your skin changes colour to match your surroundings (Stealth+).
Your rubbery body absorbs attacks. (AC +1, EV +1)
((You are camouflaged when in or above water. (Stealth+)))
You have tentacles for arms and can constrict up to eight enemies at once.


Message History

You see here 4 poisoned darts.
A scorpion comes into view.
You reach to attack!
You hit the scorpion.
The scorpion is moderately wounded.
The scorpion completely misses you. The scorpion attacks as you move away!
The scorpion stings you!
You are poisoned.
The scorpion poisons you!
You feel sick. The scorpion attacks as you move away! The scorpion stings you!
You feel sick. The scorpion stings you.
You are more poisoned.
The scorpion poisons you! The scorpion attacks as you move away!
The scorpion closely misses you.
You feel very sick.
You feel very sick.
You feel sick.
You feel sick.
You are too injured to fight recklessly!
Casting: Beastly Appendage (safe; 2% risk of failure)
Confirm with . or Enter, or press ? or * to list all spells.
The spell is potentially lethal to miscast (56% risk of failure)!
Continue anyway?
You miscast Ice Form.
You are very lightly contaminated with residual magic.
You feel a strange surge of energy.
You feel sick. The scorpion barely misses you. x2
Casting: Ice Form (potentially lethal; 56% risk of failure)
Confirm with . or Enter, or press ? or * to list all spells.
You don't have enough magic to cast this spell.
Casting: Ice Form (potentially lethal; 56% risk of failure)
Confirm with . or Enter, or press ? or * to list all spells.
You don't have enough magic to cast this spell.
You feel sick. The scorpion attacks as you move away!
The scorpion completely misses you.
You feel sick. The scorpion attacks as you move away! The scorpion stings you.
* * * LOW HITPOINT WARNING * * *
x2 You feel sick.
The scorpion attacks as you move away! The scorpion stings you.
* * * LOW HITPOINT WARNING * * *
You die...

#.........
#...######
#...≈≈≈≈≈#
###.#..≈≈≈≈#
#.z.#..≈≈≈≈#
#.###.z.≈≈≈###
#s# ###..≈≈≈≈####
#.# ##...≈≈≈≈≈.
#@# ##........
#.#######(##.#.##
#................
#########........
####.#≈≈. .# ≈P #


You could see a scorpion and a wight.

Vanquished Creatures
  A wight (D:4)
  An iguana (D:4)
  Robin (D:4)
  An adder (D:2)
  3 gnolls (D:3)
  A worm (D:3)
  2 dart slugs
  7 ball pythons
  4 bats
  2 endoplasms
  4 giant cockroaches
  15 goblins
  3 hobgoblins
  3 jackals (D:3)
  6 kobolds
  2 quokkas
  2 frilled lizards (D:2)
  3 rats (D:1)
61 creatures vanquished.

Vanquished Creatures (others)
  4 toadstools (D:3)
4 creatures vanquished.

Grand Total: 65 creatures vanquished

Notes
Turn   | Place    | Note
-------+----------+-------------------------------------------
     0 | D:1      | ptdevnull the Octopode Transmuter began the quest for the
                  | Orb.
     0 | D:1      | Reached XP level 1. HP: 13/13 MP: 3/3
   579 | D:1      | Reached XP level 2. HP: 16/18 MP: 5/5
   874 | D:1      | Learned a level 2 spell: Wereblood
   941 | D:1      | Reached skill level 3 in Transmutations
   998 | D:1      | Reached XP level 3. HP: 19/23 MP: 6/6
  2377 | D:3      | Reached XP level 4. HP: 20/28 MP: 4/8
  2489 | D:3      | Reached skill level 4 in Transmutations
  2900 | D:3      | Found a runed translucent gate.
  2900 | D:3      | Found a runed translucent gate.
  2900 | D:3      | Found a runed translucent gate.
  3080 | D:3      | Noticed NateTC's ghost (amateur MiFi)
  3213 | D:3      | Found a snail-covered altar of Cheibriados.
  3464 | D:4      | Found a shadowy altar of Dithmenos.
  3467 | D:4      | Became a worshipper of Dithmenos the Shadowed
  3506 | D:4      | Learned a level 3 spell: Spider Form
  3522 | D:4      | Reached skill level 1 in Poison Magic
  3522 | D:4      | Reached XP level 5. HP: 14/33 MP: 2/9
  3700 | D:4      | Noticed Robin
  3711 | D:4      | Reached skill level 1 in Stealth
  3720 | D:4      | Killed Robin
  4350 | D:4      | Learned a level 4 spell: Ice Form
  4377 | D:4      | Found a basalt altar of Yredelemnul.
  4518 | D:4      | HP: 1/33 [scorpion (1)]
  4518 | D:4      | Succumbed to a scorpion's poison

Illustrated notes

Levels and vault maps discovered:
D:1:      dpeg_arrival_simpleton_b, layout_basic
D:2:      layout_loops_ring, minmay_crystal_water
D:3:      layout_basic, cheibrodos_worm_habitat, gammafunk_ghost_necromancy,
          minmay_gold_behind_fungi
D:4:      layout_loops_ring, mainiacjoe_overflow_paths, kennysheep_mini_moat,
          nicolae_elyvilon_peaceful_grove, grunt_decor_junction,
          amcnicky_mini_pool_small, uniq_robin

Skill      XL: |  1  2  3  4  5 |
---------------+----------------+-----
Transmutations | 3 4 |  4.4
Spellcasting   | 3 |  3.0
Poison Magic   | 1 2 |  2.1
Stealth        | 2 |  2.2
Fighting       | |  1.0
Dodging        | |  2.0
Unarmed Combat | |  3.0

Action                   |  1- 3 |  4- 6 || total
-------------------------+-------+-------++-------
Melee: Whip              |    78 |    19 ||    97
       Constrict         |    27 |    14 ||    41
       Tentacles         |    14 |     8 ||    22
       Unarmed           |     2 |    28 ||    30
       Kick              |     8 |     7 ||    15
       Punch             |     2 |     1 ||     3
       Trident           |       |     1 ||     1
 Cast: Beastly Appendage |     5 |     1 ||     6
       Spider Form       |       |     1 ||     1
       Wereblood         |       |     1 ||     1
  Use: Potion            |       |     2 ||     2
 Stab: Sleeping          |     4 |       ||     4
Armor: Skin              |    17 |       ||    17
Dodge: Dodged            |    57 |    40 ||    97

Table legend: (Time is in decaauts)
 A = Elapsed time spent in this place.
 B = Non-inter-level travel time spent in this place.
 C = Inter-level travel time spent in this place.
 D = Time resting spent in this place.
 E = Time spent auto-exploring this place.
 F = Levels seen in this place.
 G = Mean time per level.
                   A        B        C        D        E       F      G
               +--------+--------+--------+--------+--------+-----+--------+
         Total |   4531 |   4383 |    148 |   1521 |   2256 |   4 | 1132.8 |
       Dungeon |   4531 |   4383 |    148 |   1521 |   2256 |   4 | 1132.8 |
               +--------+--------+--------+--------+--------+-----+--------+

Top non-repeatable levels by time:
     D:3: 1511 daAuts
     D:1: 1184 daAuts
     D:2: 1035 daAuts
     D:4: 800 daAuts
